 Dungeon Crawl Stone Soup version 0.26.0-18-gc5c842f807 (webtiles) character file.

Game seed: 2386806511920732413

20 thiole the Magician (level 2, 0/17 HPs)
             Began as an Octopode Hedge Wizard on Jan 22, 2021.
             Succumbed to an adder's poison
             ... on level 2 of the Dungeon.
             The game lasted 00:00:48 (1032 turns).

thiole the Magician (Octopode Hedge Wizard)         Turns: 1032, Time: 00:00:49

Health: 0/17       AC:  1    Str:  9    XL:     2   Next: 79%
Magic:  2/6        EV: 13    Int: 16    God:
Gold:   99         SH:  0    Dex: 11    Spells: 6/7 levels left

rFire    . . .     SeeInvis .   a - +0 dagger
rCold    . . .     Faith    .   (no shield)
rNeg     . . .     Spirit   .   b - +0 hat
rPois    .         Reflect  .   d - amulet of inaccuracy (curse)
rElec    .         Harm     .   (no ring)
rCorr    .         Rampage  .   (no ring)
Will     .....                  (no ring)
Stlth    +++.......             (no ring)
HPRegen  0.05/turn              (no ring)
MPRegen  0.10/turn              (no ring)
                                (no ring)
                                (no ring)

@: lethally poisoned (0 -> -4)
A: almost no armour, stealthy swim, amphibious, 8 rings, constrict 8, camouflage
1, gelatinous body 1
a: no special abilities


You were on level 2 of the Dungeon.
You visited 1 branch of the dungeon, and saw 2 of its levels.

You collected 99 gold pieces.

Inventory:

Hand Weapons
 a - a +0 dagger (weapon)
Armour
 b - a +0 hat (worn)
Jewellery
 d - a cursed amulet of inaccuracy (around mantle)
Scrolls
 e - a scroll of teleportation
 i - a scroll of blinking {unknown}
Potions
 c - a potion of might {unknown}
 f - a potion of brilliance {unknown}
 g - 2 potions of degeneration {unknown}
 h - 2 potions of invisibility {unknown}


   Skills:
 - Level 2.0 Dodging
 + Level 3.1 Stealth
 + Level 3.1 Spellcasting
 * Level 1.7 Conjurations
 * Level 1.6 Summonings
 - Level 1.0 Translocations


You had 6 spell levels left.
You knew the following spells:

 Your Spells              Type           Power        Failure   Level
a - Magic Dart            Conj           32%          9%          1

Your spell library contained the following spells:

 Spells                   Type           Power        Failure   Level
 Call Imp                 Summ           7%           14%         2
 Blink                    Tloc           N/A          19%         2
 Slow                     Hex            2%           28%         2
 Conjure Flame            Conj/Fire      5%           36%         3
 Mephitic Cloud           Conj/Pois/Air  4%           41%         3


Dungeon Overview and Level Annotations

Branches:
Dungeon (2/15)

Altars:

Annotations:
D:2 Terence


Innate Abilities, Weirdness & Mutations

You cannot wear most types of armour.
You are very stealthy in the water. (Stealth+)
You are amphibious.
You can wear up to eight rings at the same time.
You can use your tentacles to constrict eight enemies at once.
Your skin changes colour to match your surroundings (Stealth+).
Your rubbery body absorbs attacks. (AC +1, EV +1)


Message History

Terence says, "How do you enjoy it?" The adder bites you.
You are poisoned.
The adder poisons you!
Casting: Magic Dart (safe; 9% risk of failure)
Confirm with . or Enter, or press ? or * to list all spells.
Okay, then.
You closely miss the adder. Your grab misses the adder.
You feel sick. The adder bites you.
Your magical contamination has completely faded away.
You barely miss the adder. Your grab misses the adder. The adder bites you.
You miss the adder. Your grab misses the adder. Your squeeze misses the adder.
You feel sick. The adder closely misses you. x2
You miss the adder. Your grab misses the adder.
Terence hits you with a +0 mace.
* * * LOW HITPOINT WARNING * * *
The adder bites you.
* * * LOW HITPOINT WARNING * * *
You closely miss the adder. Your grab misses the adder.
You die...

#..........
########..........
..>..........)....
##................
#......).........
########.............
##≈≈§§≈≈###....##.#.##
##≈≈§@§§≈≈≈##...##.#.# ###
#§§..S@§.§≈≈##..##.#.#
.....#≈..g.8§...≈≈#..##.#.#
.....'.O..≈.≈≈§§.≈##....#.
.....#≈...§§§§≈§§≈≈#.#####
.... #§§..≈.8[≈...≈#.# ..
#§§..≈...≈...≈#.#
##§..≈≈≈)≈....'.#
#§§....8..).≈###
##≈≈.......≈≈#


You could see an ogre, Terence, an adder and a hobgoblin.

Vanquished Creatures
  A dart slug (D:1)
  An orc (D:2)
  A giant cockroach (D:2)
  3 goblins (D:1)
  2 hobgoblins
  A quokka (D:2)
  A frilled lizard (D:2)
  4 kobolds
  A rat (D:1)
15 creatures vanquished.

Notes
Turn   | Place    | Note
-------+----------+-------------------------------------------
     0 | D:1      | thiole the Octopode Hedge Wizard began the quest for the
                  | Orb.
     0 | D:1      | Reached XP level 1. HP: 11/11 MP: 4/4
   351 | D:1      | Reached XP level 2. HP: 17/17 MP: 0/6
  1018 | D:2      | Noticed Terence
  1022 | D:2      | Noticed an ogre
  1032 | D:2      | Succumbed to an adder's poison

Illustrated notes

Levels and vault maps discovered:
D:1:      arrival_zaba_pyramid, layout_rooms, minmay_misc_feat_doors
D:2:      layout_basic, chequers_ecumenical_altar_simple, st_stairs_3,
          kennysheep_potato, uniq_terence

Skill      XL: |  1  2 |
---------------+-------+-----
Stealth        | 3 |  3.1
Dodging        | |  2.0
Spellcasting   | |  3.1
Conjurations   | |  1.7
Summonings     | |  1.6
Translocations | |  1.0

Action                   || total
-------------------------++-------
Melee: Dagger            ||    14
       Constrict         ||     5
       Tentacles         ||     2
 Cast: Magic Dart        ||    32
  Use: Scroll            ||     1
Armor: Skin              ||     1
Dodge: Dodged            ||     9
